 Dungeon Crawl Stone Soup version 0.31-a0-1074-g0b22e4e0f1 (webtiles) character file.

Game seed: 10300127827942721459

5329 olourkin the Fighter (level 10, -3/92 HPs)
             Began as a Minotaur Fighter on Dec 1, 2023.
             Was a High Priest of Okawaru.
             Hit by a large rock thrown by a cyclops (18 damage)
             ... on level 7 of the Dungeon.
             The game lasted 00:26:57 (8584 turns).

olourkin the Fighter (Minotaur Fighter)             Turns: 8584, Time: 00:26:58

Health: -3/92      AC: 16    Str: 24    XL:     10   Next: 38%
Magic:  9/9        EV: 10    Int:  5    God:    Okawaru [*****.]
Gold:   75         SH:  6    Dex: 11    Spells: 9/9 levels left

rFire   . . .        a - +13 consecrated labrys {holy, Valiant Fragile Fly SInv}
rCold   . . .        c - +0 buckler
rNeg    . . .        F - +1 chain mail
rPois   .            (helmet restricted)
rElec   .            (no cloak)
rCorr   .            (no gloves)
SInv    +            (no boots)
Will    .....        (no amulet) Stlth
                     t - +4 ring of protection
HPRegen 0.35/turn    O - ring of see invisible
MPRegen 0.11/turn

%: no passive effects
@: flying
A: horns 2, retaliatory headbutt
a: Renounce Religion, Heroism, Finesse, Duel


You were on level 7 of the Dungeon.
You worshipped Okawaru.
Okawaru was extremely pleased with you.
You visited 2 branches of the dungeon, and saw 8 of its levels.

You collected 424 gold pieces.
You spent 349 gold pieces at shops.

Inventory:

Hand Weapons
 a - the +13 consecrated labrys (weapon) {holy, Valiant Fragile Fly SInv}
   (You bought it in a shop on level 1 of the Dungeon)

   Valiant:   It becomes more powerful as more dangerous foes come into view.
   SInv:      It lets you see invisible.
   Fly:       It grants you flight.
   Fragile:   It will be destroyed if unequipped.
 o - a +1 dagger of venom
 x - the +2 short sword of Elieheta {flame, rPois Str+3}
   (You found it on level 3 of the Dungeon)

   Str+3:     It affects your strength (+3).
   rPois:     It protects you from poison
 N - a +3 mace of freezing
 R - a +0 heavy war axe
Missiles
 f - 77 stones
 j - 6 poisoned darts
 n - 2 javelins
 y - 6 boomerangs (quivered)
Armour
 b - a +0 scale mail
 c - a +0 buckler (worn)
 q - a +0 plate armour
 F - a +1 chain mail (worn)
 P - an orb of energy
Jewellery
 i - a ring of protection from fire
 k - a +6 ring of strength
 l - a ring of protection from fire
 t - a +4 ring of protection (left hand)
 v - a ring of resist corrosion
 I - a +6 ring of intelligence
 L - a ring of protection from fire
 O - a ring of see invisible (right hand)
Talismans
 p - a blade talisman
Wands
 A - a wand of digging (10)
Scrolls
 g - 3 scrolls of blinking
 m - 3 scrolls of teleportation
Potions
 d - 4 potions of might
 e - 2 potions of haste
 h - 3 potions of brilliance
 r - 2 potions of curing
 u - 2 potions of resistance
 B - a potion of enlightenment
 D - a potion of lignification {!q}
 E - a potion of attraction {unknown}
 K - a potion of magic {unknown}
Miscellaneous
 H - a box of beasts


   Skills:
 - Level 9.7 Fighting
 * Level 9.1 Axes
 - Level 9.5 Armour
 + Level 5.1 Dodging
 - Level 9.6 Shields


You had 9 spell levels left.
You didn't know any spells.
Your spell library contained the following spells:

 Spells                   Type           Power      Damage    Failure   Level
 Lesser Beckoning         Tloc           0%         N/A       99%         2
 Gell's Gravitas          Tloc           0%         N/A       100%        3
 Hailstorm                Conj/Ice       0%         3d3       100%        3
 Teleport Other           Tloc           0%         N/A       100%        3
 Olgreb's Toxic Radiance  Pois           0%         N/A       100%        4
 Discord                  Hex            0%         N/A       100%        8
 Ignition                 Fire           0%         3d3       100%        8
 Summon Ice Beast         Ice/Summ       Unusable   N/A       N/A         4
 Simulacrum               Ice/Necr       Unusable   N/A       N/A         6

Dungeon Overview and Level Annotations

Branches:
Dungeon (7/15)             Temple (1/1) D:4

Altars:
Ashenzari
Cheibriados
Dithmenos
Elyvilon
Gozag
Hepliaklqana
Kikubaaqudgha
Makhleb
Okawaru
Qazlal
Ru
Sif Muna
Trog
Uskayaw
Vehumet
Wu Jian
Yredelemnul
Zin

Shops:
D:1 (   D:7 :

Annotations:
D:6 1 runed translucent door, Crazy Yiuf


Innate Abilities, Weirdness & Mutations

You have a pair of horns on your head.
You reflexively headbutt those who attack you in melee.


Message History

You feel yourself speed up. You block the acid dragon's attack.
The acid dragon claws you but does no damage.
You slash the acid dragon!
The acid dragon is almost dead.
The acid dragon bites you but does no damage.
The acid dragon barely misses you. The acid dragon bites you!
The acid dragon claws you but does no damage.
You barely miss the acid dragon.
The acid dragon is almost dead.
The acid dragon spits acid at you. The splash of acid hits you!!
* * * LOW HITPOINT WARNING * * *
The acid corrodes you!
You fade into invisibility!
You block the acid dragon's attack. The acid dragon claws you.
* * * LOW HITPOINT WARNING * * *
You closely miss the acid dragon.
The acid dragon is almost dead.
The acid dragon bites you.
* * * LOW HITPOINT WARNING * * *
The acid dragon claws you.
* * * LOW HITPOINT WARNING * * *
You strike the helpless acid dragon from behind!
You hit the acid dragon.
You kill the acid dragon!
Okawaru accepts your kill.
Your Axes skill increases to level 9!
Things that are here:
a +0 troll leather armour; a troll corpse
Things that are here:
a +0 long sword; a +0 orcbow You flicker for a moment.
There is an open door, spattered with blood here.
Things that are here:
+0 steam dragon scales; a +0 leather armour; a +0 whip You flicker back into view.
You are no longer corroded.
The cyclops throws a large rock.
The large rock hits you!!
You die...

##.#.#.####.#........#.#
###.........##.####<##.#
####.#.#######.#### #.#
.# ....#..# #.## #.# ..
####.#.# ####>.## #.#
...
.......####......#####.#
...#
####.#.##...###[.......#
##.# #
#.#..[)###..#..######
####....###..###@##
##....###..##..#.#
...####..##..###.#
.###'..##..##.)#.#
##..###..##..###.#
#.#)'####..##..#.#
#.#.#..####..###.#
#.#.##.#)####..#C##
#.#.##.#.#.####'..#


You could see a cyclops.

Vanquished Creatures
  An unseen horror (D:7)
  A troll (D:7)
  A shadow (D:7)
  2 yaks (D:5)
  2 wraiths (D:7)
  5 steam dragons
  An acid dragon (D:7)
  2 water moccasins
  2 orc warriors (D:7)
  6 sky beasts
  An ice beast (D:5)
  An ogre (D:5)
  3 bullfrogs (D:7)
  3 scorpions
  A water moccasin zombie (D:5)
  10 wights
  2 howler monkeys
  A vampire bat (D:6)
  A centaur zombie (D:5)
  3 hounds
  5 jellies
  A gnoll bouda (D:7)
  3 orc priests
  2 sleepcaps
  2 scorpion zombies (D:5)
  Natasha (thrice) (D:3)
  9 iguanas
  7 orc wizards
  A killer bee zombie (D:5)
  A hound zombie (D:5)
  9 adders
  4 ufetubi (D:5)
  2 worms
  A dart slug (D:2)
  15 orcs
  4 bat skeletons (D:6)
  2 bat zombies (D:6)
  12 endoplasms
  3 giant cockroaches
  6 goblins
  5 hobgoblins
  6 jackals
  5 kobolds
  4 quokkas
  7 ball pythons
  6 bats
  A frilled lizard (D:3)
  6 rats
181 creatures vanquished.

Notes
Turn   | Place    | Note
-------+----------+-------------------------------------------
     0 | D:1      | olourkin the Minotaur Fighter began the quest for the Orb.
     0 | D:1      | Reached XP level 1. HP: 19/19 MP: 0/0
   243 | D:1      | Reached XP level 2. HP: 27/27 MP: 1/1
   384 | D:1      | Found Cadog's Weapon Emporium.
   991 | D:2      | Reached XP level 3. HP: 33/33 MP: 2/2
  1568 | D:3      | Found a white marble altar of Elyvilon.
  1872 | D:3      | Found a faded altar of an unknown god.
  1963 | D:3      | Identified the +2 short sword of Elieheta {flame, rPois
                  | Str+3}
  1977 | D:3      | Noticed Natasha
  1986 | D:3      | Killed Natasha
  1987 | D:3      | Reached XP level 4. HP: 41/41 MP: 3/3
  2119 | D:3      | Noticed Natasha
  2130 | D:3      | Killed Natasha
  2425 | D:4      | Reached XP level 5. HP: 47/47 MP: 4/4
  2482 | D:4      | Found a staircase to the Ecumenical Temple.
  2489 | D:4      | Reached skill level 5 in Fighting
  2489 | D:4      | Reached skill level 5 in Shields
  2495 | D:4      | Reached skill level 5 in Armour
  2511 | Temple   | Entered the Ecumenical Temple
  2565 | Temple   | Became a worshipper of Warmaster Okawaru
  2921 | D:4      | Reached XP level 6. HP: 35/56 MP: 5/5
  3370 | D:4      | Found a shadowy altar of Dithmenos.
  3390 | D:5      | Entered Level 5 of the Dungeon
  3552 | D:5      | Reached XP level 7. HP: 53/63 MP: 6/6
  3552 | D:5      | Found a basalt altar of Yredelemnul.
  3783 | D:5      | Reached * piety under Okawaru
  4529 | D:5      | Reached XP level 8. HP: 62/73 MP: 7/7
  4854 | D:5      | Reached ** piety under Okawaru
  5342 | D:6      | Reached XP level 9. HP: 59/82 MP: 8/8
  5737 | D:6      | Found a runed translucent door.
  5738 | D:6      | Noticed Crazy Yiuf
  5756 | D:6      | Reached *** piety under Okawaru
  6165 | D:6      | Found an ancient bone altar of Kikubaaqudgha.
  6231 | D:6      | Found a broken altar of Ashenzari.
  6939 | D:7      | Reached skill level 1 in Dodging
  6939 | D:7      | Found a stormy altar of Qazlal.
  7014 | D:7      | Reached skill level 5 in Axes
  7213 | D:7      | Reached **** piety under Okawaru
  7404 | D:7      | Reached XP level 10. HP: 92/92 MP: 9/9
  7627 | D:7      | Found Pomix's Book Boutique.
  7738 | D:3      | Noticed Natasha
  7743 | D:3      | Killed Natasha
  7836 | D:1      | Bought the +4 consecrated labrys {holy, Valiant Fragile Fly
                  | SInv} for 349 gold pieces
  7836 | D:1      | Found the +4 consecrated labrys {holy, Valiant Fragile Fly
                  | SInv}
  8493 | D:7      | Noticed a gargoyle
  8556 | D:7      | Reached ***** piety under Okawaru
  8557 | D:7      | Reached skill level 5 in Dodging
  8558 | D:7      | Noticed a cyclops
  8584 | D:7      | Hit by a large rock thrown by a cyclops

Illustrated notes

Levels and vault maps discovered:
D:1:      kilobyte_arrival_exit_the_forest, layout_loops_ring, serial_shops,
          nicolae_shop_bloodbath_and_beyond, minivault_26
D:2:      layout_basic, solitary_fountain, grunt_ministairs_9, minmay_cut_off
D:3:      layout_loops_corners, elyvilon_altar_1,
          chequers_ecumenical_altar_simple_redux, uniq_natasha
D:4:      layout_loops_ring, kennysheep_mini_moat, minmay_temple_entry_grid
D:5:      kennysheep_windowed_halls, layout_gridville,
          nicolae_yredelemnul_corpse_copse
D:6:      layout_basic, kennysheep_vampire_church, ashenzari_altar_1,
          uniq_crazy_yiuf_cottage
D:7:      minmay_the_grid_triangle_9x9_rhombus_thin
          [minmay_the_grid_triangle_9x9_impossible_snake,
          minmay_the_grid_triangle_9x9_prize_center,
          minmay_the_grid_triangle_9x9_stretched_checkered,
          minmay_the_grid_triangle_9x9_skeleton], layout_loops_ring,
          mainiacjoe_overflow_boulevard, serial_shops, shop, uniq_maggie
Temple:   minmay_temple_forest_path

Skill      XL: |  1  2  3  4  5  6  7  8  9 10 |
---------------+-------------------------------+-----
Axes           | 3 7 9 |  9.1
Fighting       | 4 5 6 7 8 9 |  9.7
Shields        | 4 5 6 7 8 9 |  9.6
Armour         | 4 5 6 7 8 9 |  9.5
Dodging        | 3 5 |  5.1

Action                     |  1- 3 |  4- 6 |  7- 9 | 10-12 || total
---------------------------+-------+-------+-------+-------++-------
  Melee: War axe           |    85 |       |       |       ||    85
         Headbutt          |     9 |    20 |    70 |     8 ||   107
         Short sword       |     7 |   111 |   306 |       ||   424
         Mace              |       |       |    87 |    29 ||   116
         Labrys            |       |       |       |    21 ||    21
  Throw: Boomerang         |       |       |     9 |       ||     9
 Invoke: Heroism           |       |       |     1 |       ||     1
    Use: Scroll            |       |       |       |    18 ||    18
         Potion            |       |       |       |     1 ||     1
   Stab: Distracted        |       |       |     1 |       ||     1
         Invisible         |       |       |       |     1 ||     1
 Armour: Scale mail        |    53 |    71 |   102 |       ||   226
         Chain mail        |       |       |   211 |    49 ||   260
  Dodge: Dodged            |    27 |    35 |   140 |    21 ||   223
  Block: Buckler           |    19 |    19 |    90 |    10 ||   138

Table legend: (Time is in decaauts)
 A = Elapsed time spent in this place.
 B = Non-inter-level travel time spent in this place.
 C = Inter-level travel time spent in this place.
 D = Time resting spent in this place.
 E = Time spent auto-exploring this place.
 F = Levels seen in this place.
 G = Mean time per level.
                   A        B        C        D        E       F      G
               +--------+--------+--------+--------+--------+-----+--------+
         Total |   8695 |   7986 |    709 |   1746 |   4543 |   8 | 1086.9 |
       Dungeon |   8586 |   7973 |    613 |   1746 |   4543 |   7 | 1226.6 |
        Temple |    108 |     12 |     96 |      0 |      0 |   1 |  108.0 |
               +--------+--------+--------+--------+--------+-----+--------+

Top non-repeatable levels by time:
     D:5: 2143 daAuts
     D:6: 1628 daAuts
     D:7: 1199 daAuts
     D:3: 1169 daAuts
     D:1: 1018 daAuts
     D:4: 802 daAuts
     D:2: 625 daAuts
  Temple: 108 daAuts
